 Dungeon Crawl Stone Soup version 0.24.0-1-gfbc8707122 (webtiles) character file.

Game seed: 11075830407600822790, levelgen mode: deterministic

15234 Jeerok the Archer (level 11, -1/94 HPs)
             Began as a Centaur Hunter on Oct 27, 2019.
             Was an Elder of Makhleb.
             Slain by a manticore (7 damage)
             ... on level 11 of the Dungeon.
             The game lasted 00:53:20 (16166 turns).

Jeerok the Archer (Centaur Hunter)                 Turns: 16166, Time: 00:53:21

Health: -1/94      AC: 10    Str: 16    XL:     11   Next: 99%
Magic:  18/18      EV: 10    Int: 14    God:    Makhleb [****..]
Gold:   748        SH:  0    Dex: 12    Spells: 9/10 levels left

rFire    . . .     SeeInvis +   b - +6 bardiche "Weos" {drain, Int+4}
rCold    . . .     Gourm    .   (shield currently unavailable)
rNeg     . . .     Faith    .   r - +3 ring mail {MR+}
rPois    +         Spirit   .   L - +0 helmet (curse)
rElec    .         Reflect  .   (no cloak)
rCorr    .         Harm     .   (no gloves)
MR       +....                  (no barding)
Stlth    ..........             X - amulet of the acrobat
HPRegen  0.25/turn              y - ring of poison resistance
MPRegen  0.16/turn              p - ring of see invisible

@: very quick
A: large, hooves 3, deformed body, speed 2, tough skin 3
a: Minor Destruction, Lesser Servant of Makhleb, Major Destruction, Renounce
Religion


You were on level 11 of the Dungeon.
You worshipped Makhleb.
Makhleb was greatly pleased with you.
You were hungry.

You visited 3 branches of the dungeon, and saw 14 of its levels.

You collected 748 gold pieces.

Inventory:

Hand Weapons
 a - a +2 shortbow
 b - the +6 bardiche "Weos" (weapon) {drain, Int+4}
   (You acquired it on level 11 of the Dungeon)

   A truly terrible weapon, it drains the life of those it strikes.
   It affects your intelligence (+4).
 j - a +4 demon trident of venom
Missiles
 d - 84 arrows
 n - 43 poisoned darts (quivered)
 Y - 7 curare-tipped darts
Armour
 c - a +0 leather armour
 r - a +3 ring mail of magic resistance (worn)
 L - a cursed +0 helmet (worn)
Jewellery
 p - a ring of see invisible (right hand)
 q - an uncursed ring of protection from cold
 x - an uncursed amulet of regeneration
 y - a ring of poison resistance (left hand)
 W - an uncursed ring of ice
 X - an amulet of the acrobat (around neck)
Wands
 l - a wand of flame (30)
 o - a wand of iceblast (5)
 I - a wand of disintegration (33)
 J - a wand of paralysis (6)
 N - a wand of acid (7)
 O - a wand of digging (5)
 R - a wand of polymorph (4)
Scrolls
 e - 5 scrolls of teleportation
 h - a scroll of vulnerability
 i - 2 scrolls of immolation
 k - 2 scrolls of fog
 s - 10 scrolls of remove curse
 t - 2 scrolls of holy word
 B - a scroll of noise
 D - a scroll of fear
 E - a scroll of enchant weapon
 G - a scroll of silence
 H - a scroll of identify
 M - a scroll of amnesia {unknown}
 P - a scroll of torment {unknown}
 Q - a scroll of blinking {unknown}
 V - a scroll of enchant armour {unknown}
Potions
 m - 6 potions of curing
 u - a potion of agility
 v - a potion of ambrosia
 w - 2 potions of might
 z - 4 potions of flight
 A - 2 potions of invisibility
 C - 3 potions of heal wounds
 F - a potion of brilliance
 S - a potion of lignification
 T - a potion of haste
Comestibles
 f - 16 rations
 g - 16 chunks of flesh


   Skills:
 - Level 8.0 Fighting
 + Level 7.3 Polearms
 - Level 14.1 Bows
 - Level 4.0 Armour
 - Level 4.0 Dodging
 - Level 0.4 Stealth
 + Level 0.0 Hexes
 - Level 10.0 Invocations
 - Level 3.0 Evocations


You had 9 spell levels left.
You knew the following spells:

 Your Spells              Type           Power        Failure   Level  Hunger
a - Corona                Hex            #......      45%         1    ##.....

Your spell library contained the following spells:

 Spells                   Type           Power        Failure   Level  Hunger
 Magic Dart               Conj           #...         45%         1    ##.....
 Ensorcelled Hibernation  Hex/Ice        #.....       61%         2    ###....
 Searing Ray              Conj           #.....       61%         2    ###....
 Confuse                  Hex            #.......     83%         3    ####...
 Dazzling Spray           Conj/Hex       #.....       83%         3    ####...
 Tukima's Dance           Hex            #.......     83%         3    ####...
 Force Lance              Conj/Tloc      #.......     99%         4    #####..
 Fulminant Prism          Conj/Hex       #.........   99%         4    #####..
 Iskenderun's Mystic Bla  Conj           #.......     99%         4    #####..


Dungeon Overview and Level Annotations

Branches:
Dungeon (12/15)            Temple (1/1) D:7            Lair (1/6) D:11
    Orc (0/2) D:10

Altars:
Ashenzari
Fedhas
Hepliaklqana
Makhleb
Nemelex Xobeh
Okawaru
Ru
Sif Muna
Uskayaw
Vehumet
Wu Jian
Xom
The Shining One


Innate Abilities, Weirdness & Mutations

You have hooves in place of feet.
Armour fits poorly on your strangely shaped body.
You cover ground very quickly.
You have extremely tough skin. (AC +3)


Message History

You shoot an arrow. The arrow barely misses the manticore.
You sense an unholy aura.
b - the +6 bardiche "Weos" (weapon)
{drain, Int+4} The manticore bites you but does no damage.
The manticore claws you.
The manticore claws you but does no damage.
You barely miss the manticore. Your kick misses the manticore.
The manticore is almost dead.
The manticore bites you! The manticore claws you.
The manticore claws you but does no damage.
You completely miss the manticore. You kick the manticore.
The manticore is almost dead.
The manticore bites you!
* * * LOW HITPOINT WARNING * * *
The manticore closely misses you. The manticore claws you!
* * * LOW HITPOINT WARNING * * *
The manticore bites you.
* * * LOW HITPOINT WARNING * * *
The manticore claws you!
You die...

......)...#########..############
.................................
#######.....>......########.#####
#.########...# #.# #.# #...# #.#
#######.########...# #.#####
...................########......
...........).....................
#####(...(<>((.H@...############.
#####..##########...######### #.
.....[.##########.[.........#####
....(.......................#....
####.[)P..######..####.####.#....
###♣.(P..PPP####..# #.# #.#....
....PP)....P....[.####'######...#
...P.......♣.....<..#.........(.#
....P.[..)....#######...........#


You could see a manticore.

Vanquished Creatures
  Josephine (D:11)
  Fannar (D:11)
  Harold (D:9)
  A hydra (D:10)
  An unseen horror (D:12)
  An ugly thing (D:11)
  A manticore (D:9)
  A spiny frog (D:11)
  A kobold demonologist (D:11)
  A komodo dragon (D:10)
  2 trolls
  2 hippogriffs (D:10)
  3 yaks
  A vampire (D:11)
  A wyvern (D:11)
  A basilisk (D:11)
  3 wraiths (D:11)
  A hungry ghost (D:8)
  A warg (D:10)
  4 porcupines (D:11)
  A water moccasin (D:7)
  A hornet zombie (D:8)
  2 phantoms
  5 orc warriors
  4 sky beasts
  An ice beast (D:6)
  4 black bears
  An eye of draining (D:11)
  A necrophage (D:6)
  8 ogres
  4 wolves
  4 centaurs
  3 crocodiles (D:11)
  3 big kobolds
  A gnoll sergeant (D:5)
  5 bullfrogs
  A wyvern zombie (D:11)
  2 scorpions
  6 killer bees (D:7)
  3 wights (D:7)
  2 electric eels (D:4)
  2 howler monkeys
  2 crimson imps (D:10)
  A bullfrog zombie (D:9)
  5 hounds
  5 jellies
  7 orc priests
  2 centaur skeletons
  13 orc wizards
  A bullfrog skeleton (D:8)
  10 worker ants
  3 iguanas
  A killer bee zombie (D:5)
  A hound skeleton (D:6)
  Robin (D:2)
  2 howler monkey zombies (D:5)
  A worker ant zombie (D:11)
  5 gnolls
  8 adders
  6 oozes
  3 adder skeletons (D:4)
  An adder zombie (D:8)
  A worm (D:3)
  2 dart slugs (D:1)
  3 leopard geckos
  46 orcs
  6 bats
  4 giant cockroaches
  9 goblins
  9 hobgoblins
  8 jackals
  15 kobolds
  7 quokkas
  3 frilled lizards
  A giant cockroach zombie (D:5)
  A leopard gecko skeleton (D:4)
  A quokka skeleton (D:5)
  A quokka zombie (D:5)
  4 rats
  A plant (D:11)
293 creatures vanquished.

Vanquished Creatures (collateral kills)
  Erolcha (D:11)
  Urug (D:10)
  Sonja (D:11)
  An orc warrior (D:10)
  A centaur (D:10)
  A jelly (D:10)
  An ooze (D:10)
  An orc (D:10)
8 creatures vanquished.

Vanquished Creatures (others)
  4 wights (D:11)
  An adder (D:11)
  A shadow imp (D:11)
  A fungus (D:11)
7 creatures vanquished.

Grand Total: 308 creatures vanquished

Notes
Turn   | Place    | Note
-------+----------+-------------------------------------------
     0 | D:1      | Jeerok the Centaur Hunter began the quest for the Orb.
     0 | D:1      | Reached XP level 1. HP: 17/17 MP: 1/1
    94 | D:1      | Reached XP level 2. HP: 24/24 MP: 2/2
   116 | D:1      | Reached skill level 6 in Bows
   430 | D:1      | Reached XP level 3. HP: 29/29 MP: 3/3
   846 | D:2      | Found a shattered altar of Ashenzari.
  1694 | D:2      | Found a shimmering blue altar of Sif Muna.
  1789 | D:2      | Noticed Robin
  1800 | D:2      | Reached skill level 7 in Bows
  1821 | D:2      | Killed Robin
  1821 | D:2      | Reached XP level 4. HP: 33/36 MP: 4/4
  2047 | D:3      | Found an ornate altar of the Wu Jian Council.
  2948 | D:3      | Reached skill level 1 in Armour
  2991 | D:4      | Found a transporter.
  3003 | D:4      | Found a transporter.
  3212 | D:4      | Reached XP level 5. HP: 22/41 MP: 5/5
  3284 | D:4      | Reached skill level 1 in Polearms
  3440 | D:4      | Found a burning altar of Makhleb.
  3440 | D:4      | Noticed an Executioner
  3607 | D:4      | Noticed a ynoxinul
  3607 | D:4      | Noticed a smoke demon
  3609 | D:4      | Became a worshipper of Makhleb the Destroyer
  3867 | D:5      | Entered Level 5 of the Dungeon
  4014 | D:4      | Reached XP level 6. HP: 22/48 MP: 6/6
  4369 | D:4      | Reached skill level 8 in Bows
  4805 | D:5      | Reached * piety under Makhleb
  4805 | D:5      | Reached XP level 7. HP: 56/56 MP: 7/7
  5044 | D:5      | Reached skill level 1 in Invocations
  5140 | D:5      | Found a hide-covered altar of Uskayaw.
  5377 | D:5      | Found a sparkling altar of Nemelex Xobeh.
  5377 | D:5      | Found a hazy altar of Hepliaklqana.
  5392 | D:5      | Found a sacrificial altar of Ru.
  5402 | D:5      | Found a blossoming altar of Fedhas.
  5403 | D:5      | Found a faded altar of an unknown god.
  5644 | D:6      | Reached skill level 9 in Bows
  5644 | D:6      | Reached XP level 8. HP: 49/63 MP: 9/9
  6103 | D:6      | Reached skill level 10 in Bows
  6236 | D:6      | Reached ** piety under Makhleb
  6236 | D:6      | Reached skill level 1 in Evocations
  6761 | D:7      | Reached skill level 11 in Bows
  6932 | D:7      | Reached XP level 9. HP: 71/71 MP: 12/12
  7097 | D:7      | Found a staircase to the Ecumenical Temple.
  7199 | Temple   | Entered the Ecumenical Temple
  7329 | D:7      | Reached skill level 12 in Bows
  8008 | D:8      | Found a glowing golden altar of the Shining One.
  8039 | D:8      | Reached skill level 13 in Bows
  8920 | D:8      | Reached skill level 5 in Fighting
  9019 | D:9      | Reached *** piety under Makhleb
  9466 | D:9      | Reached XP level 10. HP: 76/81 MP: 13/13
  9691 | D:9      | Noticed a manticore
  9704 | D:9      | Killed a manticore
  9704 | D:9      | Reached skill level 14 in Bows
  9968 | D:9      | Found a radiant altar of Vehumet.
 10066 | D:9      | Noticed Harold
 10138 | D:9      | Killed Harold
 10257 | D:10     | Entered Level 10 of the Dungeon
 11188 | D:10     | Reached skill level 5 in Invocations
 11499 | D:10     | Noticed Urug
 11512 | D:10     | Killed Urug
 11513 | D:10     | Found a staircase to the Orcish Mines.
 11676 | D:11     | Reached **** piety under Makhleb
 11697 | D:11     | Reached skill level 5 in Polearms
 12079 | D:11     | Reached XP level 11. HP: 69/94 MP: 15/15
 12176 | D:11     | Found a staircase to the Lair.
 12326 | D:11     | Noticed a six-headed hydra
 12738 | D:10     | Killed a six-headed hydra
 12999 | D:11     | Noticed Josephine
 13368 | D:11     | Killed Josephine
 13683 | D:11     | Noticed Fannar
 13748 | D:11     | Killed Fannar
 13990 | D:11     | Noticed a green ugly thing
 14024 | D:11     | Killed a green ugly thing
 14340 | D:11     | Noticed Sonja
 14360 | D:11     | Killed Sonja
 14843 | D:11     | Noticed Erolcha
 14863 | D:11     | Killed Erolcha
 15414 | D:11     | Identified a scroll of acquirement
 15418 | D:11     | Got a shimmering bardiche
 15420 | D:11     | Identified the +6 bardiche "Weos" {drain, Int+4} (You
                  | acquired it on level 11 of the Dungeon)
 15636 | D:12     | Noticed an unseen horror
 15648 | D:12     | Killed an unseen horror
 15682 | Lair:1   | Entered Level 1 of the Lair of Beasts
 16088 | D:12     | Reached skill level 10 in Invocations
 16118 | D:12     | Learned a level 1 spell: Corona
 16166 | D:11     | Slain by a manticore

Levels and vault maps discovered:
D:1:      minmay_arrival_three_doors, layout_loops_ring, minmay_pentomino_w4
D:2:      layout_basic, lemuel_coloured_pillars_altar, first_ration,
          lemuel_blue_sif_altar, uniq_robin
D:3:      layout_loops_cross, lemuel_statue_altar
D:4:      gammafunk_steamed_eel, layout_rooms, makhleb_altar_promises_db
D:5:      minmay_spotlight, layout_loops_ring, marbit_many_paths,
          chequers_temple_overflow_minitemple, kennysheep_decorative_pillar
D:6:      layout_rooms
D:7:      layout_gridville, minmay_temple_entry_poolview
D:8:      layout_cave_pods, basic_altar
D:9:      layout_gridville, basic_altar, uniq_harold
D:10:     layout_long_grid, david_orc_1_choice, hangedman_little_slice_of_home,
          uniq_urug
D:11:     kennysheep_blocky_hall, layout_long_grid, minmay_lair_entry_grove,
          lemuel_flamethrower_2, uniq_josephine, uniq_sonja, uniq_fannar,
          uniq_erolcha
D:12:     hangedman_cross_cluster, layout_small_grid, nicolae_two_hexagons
Temple:   regret_index_temple_sphere_string
Lair:1:   layout_cave_pods

Skill      XL: |  1  2  3  4  5  6  7  8  9 10 11 |
---------------+----------------------------------+-----
Bows           | 6 7 8 9 11 13 14 | 14.1
Armour         | 1 2 3 4 |  4.0
Polearms       | 1 2 3 4 5 7 |  7.3
Dodging        | 2 3 4 |  4.0
Fighting       | 3 4 5 7 8 |  8.0
Invocations    | 2 4 5 10 | 10.0
Evocations     | 1 3 |  3.0
Stealth        | |  0.4

Action                   |  1- 3 |  4- 6 |  7- 9 | 10-12 || total
-------------------------+-------+-------+-------+-------++-------
Melee: Spear             |       |   160 |       |       ||   160
       Kick              |       |    22 |    43 |    41 ||   106
       Trident           |       |    24 |    23 |       ||    47
       Halberd           |       |       |   163 |    15 ||   178
       Demon trident     |       |       |       |    99 ||    99
       Glaive            |       |       |       |    27 ||    27
       Bardiche          |       |       |       |    49 ||    49
       Unarmed           |       |       |       |     3 ||     3
 Fire: Shortbow          |    91 |    87 |   303 |   449 ||   930
Throw: Dart              |       |     3 |       |     7 ||    10
Invok: Minor Destruction |       |       |     8 |    24 ||    32
       Lesser Servant of |       |       |       |     5 ||     5
       Major Destruction |       |       |       |     4 ||     4
Evoke: Wand              |     2 |       |       |     3 ||     5
  Use: Scroll            |       |     6 |       |    18 ||    24
  Eat: Chunk             |     1 |     8 |     8 |    18 ||    35
       Ration            |       |       |     1 |       ||     1
Armor: Leather armour    |    14 |       |       |       ||    14
       Ring mail         |     7 |    70 |   156 |   123 ||   356
Dodge: Dodged            |    14 |    67 |   146 |   159 ||   386
